WCHLSIM.com - West Coast Hockey League
html PUBLIC "-//W3C//DTD XHTML 1.0 Transitional//EN" "http://www.w3.org/TR/xhtml1/DTD/xhtml1-transitional.dtd"> WCHL - Game 700 - ANCHORAGE ACES vs RENO LIONS

ANCHORAGE ACES vs RENO LIONS

Created - 26 janvier 2023 at 09:21

Goals
1 2 3 T
ANCHORAGE ACES 2 1 0 3
RENO LIONS 0 2 0 2
Shots
1 2 3 T
ANCHORAGE ACES 19 14 20 53
RENO LIONS 13 14 7 34

1st period

1. ANCHORAGE ACES , Connor McDavid 31 (Nathan MacKinnon 37, Ben Chiarot 7) at 9:09
2. ANCHORAGE ACES , Seth Jones 2 (Jonathan Audy-Marchessault 40, Chris Kreider 18) at 17:11

Penalties :
No Penalty

2nd period

3. ANCHORAGE ACES , Phillip Danault 17 (Erik Haula 13, Ben Chiarot 8) at 1:01
4. RENO LIONS , Patrick Brown 3 (Nicholas Ritchie 5, Andreas Johnsson 4) at 2:19
5. RENO LIONS , Nicholas Ritchie 4 (Patrick Brown 3, Ethan Bear 4) at 5:12

Penalties :
Nikita Zadorov (REN) for Goalie Interference (Minor) at 15:59

3rd period

No Goal

Penalties :
Ilya Mikheyev (REN) for Cross-checking (Minor) at 8:37, Nikita Zadorov (REN) for Hooking (Minor) at 14:20

Goalie Stats

Brian Elliott (ANC), 32 saves from 34 shots - (0,941), W, 8-1-0, 60:00 minutes
Elvis Merzlikins (REN), 6 saves from 6 shots - (1,000), 11:45 minutes
Eric Comrie (REN), 44 saves from 47 shots - (0,936), L, 6-4-0, 47:21 minutes

Players Stats for ANCHORAGE ACES

Player Name              G  A  P  +/- PIM S  H  SB GA TA FO     MP     PP MP  PK MP  
------------------------------------------------------------------------------------
Alex Goligoski           0  0  0   0  0   2  1  0  0  0  0/0    20:51   2:30   0:00 
Andrew Ladd              0  0  0   0  0   0  0  0  0  0  0/1     8:06   0:00   0:00 
Ben Chiarot              0  2  2   1  0   1  0  0  0  0  0/0    19:06   0:00   0:00 
Casey Cizikas            0  0  0   0  0   0  0  0  0  0  1/5     8:06   0:00   0:00 
Chris Kreider            0  1  1   0  0   5  0  0  0  0  1/2    17:11   2:30   0:00 
Connor McDavid           1  0  1   0  0   7  2  0  0  0  14/31  21:30   3:27   0:00 
Conor Sheary             0  0  0   1  0   4  2  0  0  0  0/1    13:13   0:00   0:00 
Erik Haula               0  1  1   1  0   3  2  0  0  0  2/2    13:13   0:00   0:00 
Jani Hakanpaa            0  0  0   0  0   0  1  2  0  0  0/0    22:35   0:00   0:00 
Jonathan Audy-Marchessau 0  1  1   0  0   4  1  2  0  0  1/1    18:47   3:27   0:00 
Jordie Benn              0  0  0   1  0   0  1  0  0  0  0/0    12:28   0:00   0:00 
Joshua Norris            0  0  0   0  0   5  2  0  0  0  10/24  17:11   2:30   0:00 
Nathan MacKinnon         0  1  1   0  0   3  0  1  0  0  1/2    21:30   3:27   0:00 
Nikolaj Ehlers           0  0  0   0  0   5  1  0  0  0  0/2    20:51   3:27   0:00 
Phillip Danault          1  0  1   1  0   9  0  0  0  0  10/15  15:43   2:30   0:00 
Ryan Pulock              0  0  0   0  0   1  1  2  0  0  0/0    19:06   2:30   0:00 
Seth Jones               1  0  1   0  0   4  0  1  0  0  0/0    22:27   3:27   0:00 
Zach Parise              0  0  0   0  0   0  0  0  0  0  0/0     8:06   0:00   0:00 

Players Stats for RENO LIONS

Player Name              G  A  P  +/- PIM S  H  SB GA TA FO     MP     PP MP  PK MP  
------------------------------------------------------------------------------------
Andreas Johnsson         0  1  1   2  0   1  0  0  0  0  1/1    11:47   0:00   0:00 
Cam Atkinson             0  0  0  -2  0   4  1  1  0  0  1/2    16:01   0:00   0:00 
Derek Grant              0  0  0  -2  0   0  1  0  0  0  9/18   16:01   0:00   0:00 
Elias Pettersson         0  0  0  -1  0   5  1  0  0  0  2/2    22:52   0:00   2:47 
Ethan Bear               0  1  1   2  0   0  1  2  0  0  0/0    17:06   0:00   2:50 
Ilya Mikheyev            0  0  0  -2  2   3  3  0  0  0  1/3    17:38   0:00   1:38 
Jacob Trouba             0  0  0  -1  0   0  6  1  0  0  0/0    23:52   0:00   0:38 
Janne Kuokkanen          0  0  0   0  0   2  0  0  0  0  0/0     6:10   0:00   0:00 
Justin Schultz           0  0  0  -2  0   1  0  3  0  0  0/0    20:37   0:00   3:07 
Kirill Kaprizov          0  0  0  -1  0   5  0  0  0  0  1/1    20:05   0:00   0:00 
Laurent Dauphin          0  0  0   0  0   0  0  0  0  0  5/14    9:20   0:00   3:10 
Nicholas Ritchie         1  1  2   2  0   3  1  0  0  0  0/0    11:47   0:00   0:00 
Nikita Zadorov           0  0  0  -2  4   0  6  0  0  0  0/0    17:11   0:00   0:40 
Oliver Ekman-Larsson     0  0  0  -1  0   1  1  2  0  0  0/0    23:44   0:00   1:27 
Patrick Brown            1  1  2   2  0   3  0  0  0  0  7/16   11:47   0:00   0:00 
Robert Hagg              0  0  0   2  0   0  1  2  0  0  0/0    17:28   0:00   3:12 
Steven Stamkos           0  0  0  -1  0   4  3  0  0  0  19/28  21:14   0:00   1:09 
Vitali Kravtsov          0  0  0   0  0   2  0  0  0  0  0/1     9:20   0:00   3:10 

3 Stars

1 - Nicholas Ritchie (REN)
2 - Patrick Brown (REN)
3 - Brian Elliott (ANC)

Power Play

ANCHORAGE ACES - 0 on 3 Attempt(s) - 0,00%
RENO LIONS - 0 on 0 Attempt(s) - 0,00%

Penalty Kill

ANCHORAGE ACES - 0 on 0 Attempt(s) - 0,00% - Score 0 goal in Penalty Kill
RENO LIONS - 3 on 3 Attempt(s) - 100,00% - Score 0 goal in Penalty Kill

Team Stat

ANCHORAGE ACES - Hits : 14 - Faceoff Wins : 40 - Blocked Shots : 8 - Penalty Minutes : 0
RENO LIONS - Hits : 25 - Faceoff Wins : 46 - Blocked Shots : 11 - Penalty Minutes : 6

Official

Referees : Conor O'Donnell and Jim Curtin
Linesman : Scott Driscoll and Derek Amell

Game Notes

Eric Comrie is injured at 7:21 of 3rd period (Sprained Left Finger)
Elvis Merzlikins enters game at 7:21 of 3rd period

Finance

Level 1 -- Attendance: 7000 (100,00%) -- Ticket Income 945 000 $
Level 2 -- Attendance: 6000 (100,00%) -- Ticket Income 510 000 $
Level 3 -- Attendance: 3000 (100,00%) -- Ticket Income 180 000 $
Level 4 -- Attendance: 5000 (100,00%) -- Ticket Income 200 000 $
Luxury Box -- Attendance: 1000 (100,00%) -- Ticket Income 270 000 $
Game was played at the Lions Kingdom.
Total Attendance: 22000 (100,00%)
Total Ticket Income: 2 105 000 $
Other Expense: 21 050 $
Total Income: 2 083 950 $

ANCHORAGE ACES

5 vs 5 Forward 
   Center                   Left Wing                Right Wing               Time % Phy DF OF 
 1 Connor McDavid           Nikolaj Ehlers           Nathan MacKinnon         35     0   1  4  
 2 Joshua Norris            Chris Kreider            Jonathan Audy-Marchessaul30     0   2  3  
 3 Phillip Danault          Erik Haula               Conor Sheary             27     0   2  3  
 4 Casey Cizikas            Andrew Ladd              Zach Parise              8      1   2  2  

5 vs 5 Defense 
   Defense                  Defense                                           Time % Phy DF OF 
 1 Seth Jones               Alex Goligoski                                    33     1   2  2  
 2 Jani Hakanpaa            Ryan Pulock                                       33     1   2  2  
 3 Ben Chiarot              Jordie Benn                                       21     1   2  2  
 4 Ben Chiarot              Jani Hakanpaa                                     13     1   2  2  

PowerPlay Forward 
   Center                   Left Wing                Right Wing               Time % Phy DF OF 
 1 Connor McDavid           Nikolaj Ehlers           Jonathan Audy-Marchessaul55     0   0  5  
 2 Joshua Norris            Chris Kreider            Phillip Danault          45     0   1  4  

PowerPlay Defense
   Defense                  Defense                                           Time % Phy DF OF 
 1 Seth Jones               Nathan MacKinnon                                  50     1   2  2  
 2 Ryan Pulock              Alex Goligoski                                    50     1   2  2  

Penalty Kill 4 Players Forward 
   Center                   Wing                     Time % Phy DF OF 
 1 Phillip Danault          Erik Haula               50     1   2  2  
 2 Casey Cizikas            Chris Kreider            50     1   2  2  

Penalty Kill 4 Players Defense
   Defense                  Defense                  Time % Phy DF OF 
 1 Ben Chiarot              Ryan Pulock              50     1   2  2  
 2 Seth Jones               Jani Hakanpaa            50     1   2  2  

Penalty Kill - 3 Players Forward 
   Forward                                           Time % Phy DF OF 
 1 Phillip Danault                                   55     1   2  2  
 2 Erik Haula                                        45     1   2  2  

Penalty Kill - 3 Players Defense
   Defense                  Defense                  Time % Phy DF OF 
 1 Ben Chiarot              Seth Jones               55     1   2  2  
 2 Alex Goligoski           Jani Hakanpaa            45     1   2  2  

4 vs 4 Forward 
   Center                   Wing                     Time % Phy DF OF 
 1 Connor McDavid           Phillip Danault          50     1   2  2  
 2 Joshua Norris            Nathan MacKinnon         50     1   2  2  

4 vs 4 Defense
   Defense                  Defense                  Time % Phy DF OF 
 1 Seth Jones               Alex Goligoski           55     1   2  2  
 2 Ryan Pulock              Jani Hakanpaa            45     1   2  2  

Last Minutes Offensive
   Center                   Left Wing                Right Wing               Defense                  Defense                  
   Connor McDavid           Jonathan Audy-MarchessaulNathan MacKinnon         Seth Jones               Ben Chiarot              

Last Minutes Defensive
   Center                   Left Wing                Right Wing               Defense                  Defense                  
   Connor McDavid           Jonathan Audy-MarchessaulNathan MacKinnon         Seth Jones               Ben Chiarot              

Goaltenders
Starting : Brian Elliott            
Backup : Darcy Kuemper            

Extra Forwards
Normal : Nikolaj Ehlers, Nathan MacKinnon, Connor McDavid - PP : Chris Kreider, Jonathan Audy-Marchessault - PK : Nikolaj Ehlers
Extra Defensemen
Normal : Ben Chiarot, Seth Jones, Alex Goligoski - PP : Ben Chiarot - PK : Ben Chiarot, Seth Jones
Penalty Shots
Connor McDavid, Nathan MacKinnon, Chris Kreider, Jonathan Audy-Marchessault, Joshua Norris
Custom OT Lines Forwards
Nathan MacKinnon, Chris Kreider, Connor McDavid, Jonathan Audy-Marchessault, Joshua Norris, Nikolaj Ehlers, Phillip Danault, Conor Sheary, Erik Haula, Casey Cizikas
Custom OT Lines Defensemen
Seth Jones, Ryan Pulock, Ben Chiarot, Alex Goligoski, Jani Hakanpaa

Scratches
Jakob Chychrun (Fractured Right Foot Injury)

RENO LIONS

5 vs 5 Forward 
   Center                   Left Wing                Right Wing               Time % Phy DF OF 
 1 Steven Stamkos           Kirill Kaprizov          Elias Pettersson         40     0   1  4  
 2 Derek Grant              Ilya Mikheyev            Cam Atkinson             30     0   1  4  
 3 Patrick Brown            Nicholas Ritchie         Andreas Johnsson         20     1   3  1  
 4 Laurent Dauphin          Janne Kuokkanen          Vitali Kravtsov          10     2   3  0  

5 vs 5 Defense 
   Defense                  Defense                                           Time % Phy DF OF 
 1 Jacob Trouba             Oliver Ekman-Larsson                              35     1   2  2  
 2 Justin Schultz           Nikita Zadorov                                    32     1   2  2  
 3 Ethan Bear               Robert Hagg                                       23     1   2  2  
 4 Jacob Trouba             Oliver Ekman-Larsson                              10     1   2  2  

PowerPlay Forward 
   Center                   Left Wing                Right Wing               Time % Phy DF OF 
 1 Steven Stamkos           Kirill Kaprizov          Elias Pettersson         70     0   0  5  
 2 Derek Grant              Ilya Mikheyev            Cam Atkinson             30     0   0  5  

PowerPlay Defense
   Defense                  Defense                                           Time % Phy DF OF 
 1 Justin Schultz           Jacob Trouba                                      60     1   2  2  
 2 Oliver Ekman-Larsson     Nikita Zadorov                                    40     1   2  2  

Penalty Kill 4 Players Forward 
   Center                   Wing                     Time % Phy DF OF 
 1 Laurent Dauphin          Vitali Kravtsov          55     1   2  2  
 2 Elias Pettersson         Ilya Mikheyev            45     1   2  2  

Penalty Kill 4 Players Defense
   Defense                  Defense                  Time % Phy DF OF 
 1 Justin Schultz           Robert Hagg              55     1   2  2  
 2 Nikita Zadorov           Ethan Bear               45     1   2  2  

Penalty Kill - 3 Players Forward 
   Forward                                           Time % Phy DF OF 
 1 Kirill Kaprizov                                   55     1   2  2  
 2 Steven Stamkos                                    45     1   2  2  

Penalty Kill - 3 Players Defense
   Defense                  Defense                  Time % Phy DF OF 
 1 Jacob Trouba             Oliver Ekman-Larsson     55     1   2  2  
 2 Robert Hagg              Justin Schultz           45     1   2  2  

4 vs 4 Forward 
   Center                   Wing                     Time % Phy DF OF 
 1 Janne Kuokkanen          Andreas Johnsson         55     1   2  2  
 2 Patrick Brown            Nicholas Ritchie         45     1   2  2  

4 vs 4 Defense
   Defense                  Defense                  Time % Phy DF OF 
 1 Ethan Bear               Robert Hagg              55     1   2  2  
 2 Jacob Trouba             Oliver Ekman-Larsson     45     1   2  2  

Last Minutes Offensive
   Center                   Left Wing                Right Wing               Defense                  Defense                  
   Steven Stamkos           Kirill Kaprizov          Elias Pettersson         Jacob Trouba             Justin Schultz           

Last Minutes Defensive
   Center                   Left Wing                Right Wing               Defense                  Defense                  
   Elias Pettersson         Janne Kuokkanen          Ilya Mikheyev            Jacob Trouba             Oliver Ekman-Larsson     

Goaltenders
Starting : Eric Comrie              
Backup : Elvis Merzlikins         

Extra Forwards
Normal : Derek Grant, Andreas Johnsson, Nicholas Ritchie - PP : Laurent Dauphin, Janne Kuokkanen - PK : Vitali Kravtsov
Extra Defensemen
Normal : Nikita Zadorov, Ethan Bear, Jacob Trouba - PP : Justin Schultz - PK : Oliver Ekman-Larsson, Robert Hagg
Penalty Shots
Steven Stamkos, Kirill Kaprizov, Cam Atkinson, Elias Pettersson, Ilya Mikheyev
Custom OT Lines Forwards
Steven Stamkos, Elias Pettersson, Kirill Kaprizov, Cam Atkinson, Ilya Mikheyev, Derek Grant, Andreas Johnsson, Nicholas Ritchie, Laurent Dauphin, Janne Kuokkanen
Custom OT Lines Defensemen
Jacob Trouba, Oliver Ekman-Larsson, Justin Schultz, Nikita Zadorov, Robert Hagg

Scratches
Vincent Hinostroza (Sprained Right Ankle Injury), Pierre-Luc Dubois (Torn Right ACL Injury)

% Time on Ice - ANCHORAGE ACES

Lines # - Real PCT - Wanted PCT - Time Play
Normal Forward
1 - 33% - 35% - 17:24
2 - 27% - 30% - 14:41
3 - 25% - 27% - 13:13
4 - 15% - 8% - 8:06
Normal Defense
1 - 34% - 33% - 18:21
2 - 29% - 33% - 15:31
3 - 23% - 21% - 12:28
4 - 13% - 13% - 7:04
PP Forward
1 - 58% - 55% - 3:27
2 - 42% - 45% - 2:30
PP Defense
1 - 58% - 50% - 3:27
2 - 42% - 50% - 2:30
PK Forward
1 - 0% - 50%
2 - 0% - 50%
PK Defense
1 - 0% - 50%
2 - 0% - 50%
PK3 Forward
1 - 0% - 55%
2 - 0% - 45%
PK3 Defense
1 - 0% - 55%
2 - 0% - 45%
44 Forward
1 - 0% - 50%
2 - 0% - 50%
44 Defense
1 - 0% - 55%
2 - 0% - 45%
Last Minute Offensive  - 0:00
Last Minute Defensive  - 0:39
Total
Forward - 60:00
Defense - 60:00

% Time on Ice - RENO LIONS

Lines # - Real PCT - Wanted PCT - Time Play
Normal Forward
1 - 36% - 40% - 19:08
2 - 30% - 30% - 16:01
3 - 22% - 20% - 11:47
4 - 12% - 10% - 6:10
Normal Defense
1 - 35% - 35% - 18:34
2 - 31% - 32% - 16:33
3 - 27% - 23% - 14:16
4 - 7% - 10% - 3:43
PP Forward
1 - 0% - 70%
2 - 0% - 30%
PP Defense
1 - 0% - 60%
2 - 0% - 40%
PK Forward
1 - 53% - 55% - 3:10
2 - 47% - 45% - 2:47
PK Defense
1 - 52% - 55% - 3:07
2 - 48% - 45% - 2:50
PK3 Forward
1 - 0% - 55%
2 - 0% - 45%
PK3 Defense
1 - 0% - 55%
2 - 0% - 45%
44 Forward
1 - 0% - 55%
2 - 0% - 45%
44 Defense
1 - 0% - 55%
2 - 0% - 45%
Last Minute Offensive  - 0:57
Last Minute Defensive  - 0:00
Total
Forward - 60:00
Defense - 60:00

Play-by-Play

1st period


0:01 of 1st period - Connor McDavid wins face-off versus Steven Stamkos in neutral zone.
0:14 of 1st period - Oliver Ekman-Larsson is hit by Nikolaj Ehlers.
0:19 of 1st period - Icing by Jacob Trouba.
0:20 of 1st period - Steven Stamkos wins face-off versus Joshua Norris in RENO LIONS zone.
0:20 of 1st period - Kirill Kaprizov is hit by Joshua Norris.
0:33 of 1st period - Shot by Joshua Norris.
0:33 of 1st period - Stopped by Eric Comrie without a rebound.
0:34 of 1st period - Cam Atkinson wins face-off versus Conor Sheary in RENO LIONS zone.
0:36 of 1st period - Icing by Ilya Mikheyev.
0:37 of 1st period - Phillip Danault wins face-off versus Derek Grant in RENO LIONS zone.
0:40 of 1st period - Shot by Erik Haula.
0:40 of 1st period - Stopped by Eric Comrie with a rebound.
0:51 of 1st period - Icing by Nikita Zadorov.
0:52 of 1st period - Derek Grant wins face-off versus Casey Cizikas in RENO LIONS zone.
1:49 of 1st period - Shot by Chris Kreider.
1:49 of 1st period - Stopped by Eric Comrie without a rebound.
1:50 of 1st period - Connor McDavid wins face-off versus Patrick Brown in RENO LIONS zone.
1:55 of 1st period - Shot by Nathan MacKinnon.
1:55 of 1st period - Shot Misses the Net.
2:24 of 1st period - Icing by Nathan MacKinnon.
2:25 of 1st period - Elias Pettersson wins face-off versus Connor McDavid in ANCHORAGE ACES zone.
2:47 of 1st period - Kirill Kaprizov is hit by Alex Goligoski and loses puck.
2:52 of 1st period - Shot by Kirill Kaprizov.
2:52 of 1st period - Shot Misses the Net.
2:54 of 1st period - Shot by Kirill Kaprizov.
2:54 of 1st period - Stopped by Brian Elliott with a rebound.
3:08 of 1st period - Shot by Elias Pettersson.
3:08 of 1st period - Stopped by Brian Elliott with a rebound.
3:10 of 1st period - Shot by Elias Pettersson.
3:10 of 1st period - Stopped by Brian Elliott without a rebound.
3:11 of 1st period - Erik Haula wins face-off versus Laurent Dauphin in ANCHORAGE ACES zone.
3:35 of 1st period - Shot by Janne Kuokkanen.
3:35 of 1st period - Stopped by Brian Elliott without a rebound.
3:36 of 1st period - Joshua Norris wins face-off versus Patrick Brown in ANCHORAGE ACES zone.
3:56 of 1st period - Shot by Chris Kreider.
3:56 of 1st period - Shot Blocked by Justin Schultz.
3:58 of 1st period - Shot by Ben Chiarot.
3:58 of 1st period - Shot Blocked by Justin Schultz.
4:00 of 1st period - Shot by Jonathan Audy-Marchessault.
4:00 of 1st period - Stopped by Eric Comrie without a rebound.
4:01 of 1st period - Phillip Danault wins face-off versus Steven Stamkos in RENO LIONS zone.
4:01 of 1st period - Ryan Pulock is hit by Jacob Trouba and loses puck.
4:04 of 1st period - Shot by Phillip Danault.
4:04 of 1st period - Stopped by Eric Comrie without a rebound.
4:05 of 1st period - Phillip Danault wins face-off versus Steven Stamkos in RENO LIONS zone.
4:20 of 1st period - Shot by Erik Haula.
4:20 of 1st period - Shot Misses the Net.
4:24 of 1st period - Shot by Phillip Danault.
4:24 of 1st period - Shot Misses the Net.
4:30 of 1st period - Shot by Erik Haula.
4:30 of 1st period - Shot Misses the Net.
4:54 of 1st period - Ryan Pulock is hit by Steven Stamkos and loses puck.
5:31 of 1st period - Alex Goligoski is hit by Ilya Mikheyev and loses puck.
5:48 of 1st period - Shot by Cam Atkinson.
5:48 of 1st period - Stopped by Brian Elliott with a rebound.
5:50 of 1st period - Shot by Ilya Mikheyev.
5:50 of 1st period - Stopped by Brian Elliott without a rebound.
5:51 of 1st period - Patrick Brown wins face-off versus Connor McDavid in ANCHORAGE ACES zone.
5:57 of 1st period - Patrick Brown is hit by Jordie Benn and loses puck.
6:04 of 1st period - Shot by Nathan MacKinnon.
6:04 of 1st period - Deflect By Connor McDavid.
6:04 of 1st period - Shot Misses the Net.
6:06 of 1st period - Shot by Nathan MacKinnon.
6:06 of 1st period - Shot Misses the Net.
7:26 of 1st period - Shot by Vitali Kravtsov.
7:26 of 1st period - Shot Blocked by Jonathan Audy-Marchessault.
8:02 of 1st period - Shot by Steven Stamkos.
8:02 of 1st period - Shot Misses the Net.
8:30 of 1st period - Shot by Derek Grant.
8:30 of 1st period - Deflect By Ilya Mikheyev.
8:30 of 1st period - Stopped by Brian Elliott without a rebound.
8:31 of 1st period - Connor McDavid wins face-off versus Derek Grant in ANCHORAGE ACES zone.
8:37 of 1st period - Icing by Connor McDavid.
8:38 of 1st period - Derek Grant wins face-off versus Nikolaj Ehlers in ANCHORAGE ACES zone.
8:41 of 1st period - Shot by Cam Atkinson.
8:41 of 1st period - Shot Misses the Net.
9:09 of 1st period - Shot by Connor McDavid.
9:09 of 1st period - Goal by Connor McDavid - ANCHORAGE ACES : 1 - RENO LIONS : 0.
9:10 of 1st period - Steven Stamkos wins face-off versus Joshua Norris in neutral zone.
9:20 of 1st period - Shot by Steven Stamkos.
9:20 of 1st period - Stopped by Brian Elliott without a rebound.
9:21 of 1st period - Phillip Danault wins face-off versus Steven Stamkos in ANCHORAGE ACES zone.
10:41 of 1st period - Icing by Nikita Zadorov.
10:42 of 1st period - Ilya Mikheyev wins face-off versus Joshua Norris in RENO LIONS zone.
10:44 of 1st period - Icing by Cam Atkinson.
10:45 of 1st period - Connor McDavid wins face-off versus Derek Grant in RENO LIONS zone.
10:52 of 1st period - Shot by Seth Jones.
10:52 of 1st period - Stopped by Eric Comrie with a rebound.
10:54 of 1st period - Shot by Connor McDavid.
10:54 of 1st period - Stopped by Eric Comrie with a rebound.
10:56 of 1st period - Shot by Connor McDavid.
10:56 of 1st period - Deflect By Nathan MacKinnon.
10:56 of 1st period - Stopped by Eric Comrie without a rebound.
10:57 of 1st period - Patrick Brown wins face-off versus Joshua Norris in RENO LIONS zone.
11:07 of 1st period - Off-side.
11:08 of 1st period - Steven Stamkos wins face-off versus Connor McDavid in neutral zone.
11:19 of 1st period - Nikolaj Ehlers is hit by Jacob Trouba and loses puck.
11:22 of 1st period - Shot by Connor McDavid.
11:22 of 1st period - Stopped by Eric Comrie with a rebound.
11:24 of 1st period - Shot by Connor McDavid.
11:24 of 1st period - Shot Misses the Net.
11:26 of 1st period - Shot by Nathan MacKinnon.
11:26 of 1st period - Deflect By Connor McDavid.
11:26 of 1st period - Stopped by Eric Comrie without a rebound.
11:27 of 1st period - Jonathan Audy-Marchessault wins face-off versus Patrick Brown in RENO LIONS zone.
11:30 of 1st period - Shot by Joshua Norris.
11:30 of 1st period - Stopped by Eric Comrie without a rebound.
11:31 of 1st period - Joshua Norris wins face-off versus Derek Grant in RENO LIONS zone.
11:31 of 1st period - Jonathan Audy-Marchessault is hit by Jacob Trouba and loses puck.
11:40 of 1st period - Shot by Jonathan Audy-Marchessault.
11:40 of 1st period - Shot Misses the Net.
11:56 of 1st period - Shot by Chris Kreider.
11:56 of 1st period - Stopped by Eric Comrie without a rebound.
11:57 of 1st period - Patrick Brown wins face-off versus Connor McDavid in RENO LIONS zone.
12:15 of 1st period - Shot by Nicholas Ritchie.
12:15 of 1st period - Shot Blocked by Nathan MacKinnon.
12:22 of 1st period - Off-side.
12:23 of 1st period - Steven Stamkos wins face-off versus Joshua Norris in neutral zone.
13:36 of 1st period - Shot by Connor McDavid.
13:36 of 1st period - Deflect By Nathan MacKinnon.
13:36 of 1st period - Shot Misses the Net.
13:38 of 1st period - Shot by Ben Chiarot.
13:38 of 1st period - Stopped by Eric Comrie without a rebound.
13:39 of 1st period - Laurent Dauphin wins face-off versus Connor McDavid in RENO LIONS zone.
14:00 of 1st period - Shot by Nikolaj Ehlers.
14:00 of 1st period - Deflect By Connor McDavid.
14:00 of 1st period - Stopped by Eric Comrie with a rebound.
14:02 of 1st period - Shot by Nikolaj Ehlers.
14:02 of 1st period - Shot Blocked by Ethan Bear.
14:04 of 1st period - Shot by Seth Jones.
14:04 of 1st period - Stopped by Eric Comrie with a rebound.
14:14 of 1st period - Shot by Laurent Dauphin.
14:14 of 1st period - Deflect By Janne Kuokkanen.
14:14 of 1st period - Stopped by Brian Elliott with a rebound.
14:53 of 1st period - Ethan Bear is hit by Conor Sheary and loses puck.
15:10 of 1st period - Shot by Conor Sheary.
15:10 of 1st period - Shot Misses the Net.
15:12 of 1st period - Shot by Erik Haula.
15:12 of 1st period - Deflect By Phillip Danault.
15:12 of 1st period - Shot Misses the Net.
15:23 of 1st period - Icing by Vitali Kravtsov.
15:24 of 1st period - Joshua Norris wins face-off versus Laurent Dauphin in RENO LIONS zone.
15:27 of 1st period - Shot by Jonathan Audy-Marchessault.
15:27 of 1st period - Stopped by Eric Comrie without a rebound.
15:28 of 1st period - Steven Stamkos wins face-off versus Connor McDavid in RENO LIONS zone.
15:35 of 1st period - Icing by Nathan MacKinnon.
15:36 of 1st period - Derek Grant wins face-off versus Nikolaj Ehlers in ANCHORAGE ACES zone.
16:24 of 1st period - Icing by Connor McDavid.
16:25 of 1st period - Steven Stamkos wins face-off versus Connor McDavid in ANCHORAGE ACES zone.
16:36 of 1st period - Shot by Steven Stamkos.
16:36 of 1st period - Shot Misses the Net.
17:05 of 1st period - Jonathan Audy-Marchessault is hit by Oliver Ekman-Larsson.
17:09 of 1st period - Shot by Jonathan Audy-Marchessault.
17:09 of 1st period - Shot Misses the Net.
17:11 of 1st period - Shot by Seth Jones.
17:11 of 1st period - Goal by Seth Jones - ANCHORAGE ACES : 2 - RENO LIONS : 0.
17:12 of 1st period - Phillip Danault wins face-off versus Patrick Brown in neutral zone.
17:25 of 1st period - Shot by Nicholas Ritchie.
17:25 of 1st period - Stopped by Brian Elliott without a rebound.
17:26 of 1st period - Joshua Norris wins face-off versus Ilya Mikheyev in ANCHORAGE ACES zone.
17:45 of 1st period - Shot by Derek Grant.
17:45 of 1st period - Shot Misses the Net.
17:47 of 1st period - Shot by Cam Atkinson.
17:47 of 1st period - Stopped by Brian Elliott with a rebound.
18:09 of 1st period - Icing by Chris Kreider.
18:10 of 1st period - Patrick Brown wins face-off versus Joshua Norris in ANCHORAGE ACES zone.
18:13 of 1st period - Shot by Nicholas Ritchie.
18:13 of 1st period - Stopped by Brian Elliott without a rebound.
18:14 of 1st period - Phillip Danault wins face-off versus Patrick Brown in ANCHORAGE ACES zone.
18:14 of 1st period - Phillip Danault is hit by Nicholas Ritchie.
18:21 of 1st period - Icing by Patrick Brown.
18:22 of 1st period - Phillip Danault wins face-off versus Patrick Brown in RENO LIONS zone.
18:22 of 1st period - Erik Haula is hit by Jacob Trouba.
18:26 of 1st period - Shot by Phillip Danault.
18:26 of 1st period - Deflect By Conor Sheary.
18:26 of 1st period - Stopped by Eric Comrie without a rebound.
18:27 of 1st period - Steven Stamkos wins face-off versus Phillip Danault in RENO LIONS zone.
18:32 of 1st period - Jacob Trouba is hit by Conor Sheary and loses puck.
19:01 of 1st period - Shot by Kirill Kaprizov.
19:01 of 1st period - Stopped by Brian Elliott without a rebound.
19:02 of 1st period - Andreas Johnsson wins face-off versus Connor McDavid in ANCHORAGE ACES zone.
19:21 of 1st period - Shot by Nathan MacKinnon.
19:21 of 1st period - Deflect By Connor McDavid.
19:21 of 1st period - Shot Misses the Net.
Goals for this period are 2 for ANCHORAGE ACES vs 0 for RENO LIONS.
Shots for this period are 19 for ANCHORAGE ACES vs 13 for RENO LIONS.

2nd period


0:01 of 2nd period - Steven Stamkos wins face-off versus Joshua Norris in neutral zone.
0:18 of 2nd period - Shot by Elias Pettersson.
0:18 of 2nd period - Shot Misses the Net.
0:20 of 2nd period - Shot by Oliver Ekman-Larsson.
0:20 of 2nd period - Shot Misses the Net.
0:22 of 2nd period - Shot by Kirill Kaprizov.
0:22 of 2nd period - Shot Misses the Net.
0:30 of 2nd period - Shot by Kirill Kaprizov.
0:30 of 2nd period - Deflect By Steven Stamkos.
0:30 of 2nd period - Stopped by Brian Elliott without a rebound.
0:31 of 2nd period - Phillip Danault wins face-off versus Derek Grant in ANCHORAGE ACES zone.
0:31 of 2nd period - Phillip Danault is hit by Ilya Mikheyev.
0:40 of 2nd period - Conor Sheary is hit by Nikita Zadorov and loses puck.
0:52 of 2nd period - Erik Haula is hit by Nikita Zadorov and loses puck.
1:01 of 2nd period - Shot by Phillip Danault.
1:01 of 2nd period - Goal by Phillip Danault - ANCHORAGE ACES : 3 - RENO LIONS : 0.
1:02 of 2nd period - Elias Pettersson wins face-off versus Casey Cizikas in neutral zone.
1:10 of 2nd period - Shot by Kirill Kaprizov.
1:10 of 2nd period - Shot Misses the Net.
1:36 of 2nd period - Ryan Pulock is hit by Steven Stamkos and loses puck.
2:15 of 2nd period - Shot by Nicholas Ritchie.
2:15 of 2nd period - Shot Misses the Net.
2:17 of 2nd period - Shot by Nicholas Ritchie.
2:17 of 2nd period - Shot Misses the Net.
2:19 of 2nd period - Shot by Patrick Brown.
2:19 of 2nd period - Goal by Patrick Brown - ANCHORAGE ACES : 3 - RENO LIONS : 1.
2:20 of 2nd period - Derek Grant wins face-off versus Nathan MacKinnon in neutral zone.
3:26 of 2nd period - Shot by Phillip Danault.
3:26 of 2nd period - Shot Misses the Net.
3:58 of 2nd period - Shot by Patrick Brown.
3:58 of 2nd period - Stopped by Brian Elliott without a rebound.
3:59 of 2nd period - Steven Stamkos wins face-off versus Joshua Norris in ANCHORAGE ACES zone.
4:00 of 2nd period - Shot by Elias Pettersson.
4:00 of 2nd period - Stopped by Brian Elliott without a rebound.
4:01 of 2nd period - Joshua Norris wins face-off versus Steven Stamkos in ANCHORAGE ACES zone.
4:28 of 2nd period - Shot by Joshua Norris.
4:28 of 2nd period - Shot Blocked by Jacob Trouba.
5:12 of 2nd period - Shot by Nicholas Ritchie.
5:12 of 2nd period - Goal by Nicholas Ritchie - ANCHORAGE ACES : 3 - RENO LIONS : 2.
5:13 of 2nd period - Connor McDavid wins face-off versus Laurent Dauphin in neutral zone.
5:24 of 2nd period - Shot by Nikolaj Ehlers.
5:24 of 2nd period - Stopped by Eric Comrie with a rebound.
5:34 of 2nd period - Shot by Nathan MacKinnon.
5:34 of 2nd period - Shot Misses the Net.
5:42 of 2nd period - Shot by Nikolaj Ehlers.
5:42 of 2nd period - Shot Misses the Net.
5:44 of 2nd period - Shot by Alex Goligoski.
5:44 of 2nd period - Stopped by Eric Comrie with a rebound.
6:09 of 2nd period - Icing by Ethan Bear.
6:10 of 2nd period - Phillip Danault wins face-off versus Laurent Dauphin in RENO LIONS zone.
6:21 of 2nd period - Shot by Phillip Danault.
6:21 of 2nd period - Stopped by Eric Comrie with a rebound.
6:30 of 2nd period - Phillip Danault is hit by Robert Hagg and loses puck.
6:39 of 2nd period - Shot by Conor Sheary.
6:39 of 2nd period - Stopped by Eric Comrie with a rebound.
6:47 of 2nd period - Shot by Erik Haula.
6:47 of 2nd period - Shot Misses the Net.
6:49 of 2nd period - Shot by Phillip Danault.
6:49 of 2nd period - Stopped by Eric Comrie without a rebound.
6:50 of 2nd period - Steven Stamkos wins face-off versus Joshua Norris in RENO LIONS zone.
6:50 of 2nd period - Steven Stamkos is hit by Joshua Norris.
6:56 of 2nd period - Shot by Elias Pettersson.
6:56 of 2nd period - Stopped by Brian Elliott without a rebound.
6:57 of 2nd period - Steven Stamkos wins face-off versus Joshua Norris in ANCHORAGE ACES zone.
6:57 of 2nd period - Kirill Kaprizov is hit by Ryan Pulock and loses puck.
7:27 of 2nd period - Chris Kreider is hit by Steven Stamkos and loses puck.
7:43 of 2nd period - Icing by Jacob Trouba.
7:44 of 2nd period - Connor McDavid wins face-off versus Steven Stamkos in RENO LIONS zone.
7:44 of 2nd period - Nikolaj Ehlers is hit by Jacob Trouba and loses puck.
9:04 of 2nd period - Shot by Erik Haula.
9:04 of 2nd period - Deflect By Phillip Danault.
9:04 of 2nd period - Stopped by Eric Comrie without a rebound.
9:05 of 2nd period - Joshua Norris wins face-off versus Laurent Dauphin in RENO LIONS zone.
9:08 of 2nd period - Shot by Chris Kreider.
9:08 of 2nd period - Shot Blocked by Robert Hagg.
9:20 of 2nd period - Shot by Vitali Kravtsov.
9:20 of 2nd period - Stopped by Brian Elliott with a rebound.
9:22 of 2nd period - Shot by Robert Hagg.
9:22 of 2nd period - Shot Blocked by Jani Hakanpaa.
9:26 of 2nd period - Shot by Vitali Kravtsov.
9:26 of 2nd period - Stopped by Brian Elliott without a rebound.
9:27 of 2nd period - Steven Stamkos wins face-off versus Andrew Ladd in ANCHORAGE ACES zone.
10:03 of 2nd period - Shot by Casey Cizikas.
10:03 of 2nd period - Shot Misses the Net.
10:05 of 2nd period - Shot by Zach Parise.
10:05 of 2nd period - Shot Misses the Net.
11:00 of 2nd period - Shot by Ilya Mikheyev.
11:00 of 2nd period - Deflect By Cam Atkinson.
11:00 of 2nd period - Shot Blocked by Seth Jones.
11:02 of 2nd period - Shot by Ilya Mikheyev.
11:02 of 2nd period - Stopped by Brian Elliott with a rebound.
11:04 of 2nd period - Shot by Oliver Ekman-Larsson.
11:04 of 2nd period - Stopped by Brian Elliott with a rebound.
11:44 of 2nd period - Nikolaj Ehlers is hit by Ethan Bear and loses puck.
12:41 of 2nd period - Shot by Erik Haula.
12:41 of 2nd period - Stopped by Eric Comrie with a rebound.
12:43 of 2nd period - Shot by Ryan Pulock.
12:43 of 2nd period - Stopped by Eric Comrie without a rebound.
12:44 of 2nd period - Steven Stamkos wins face-off versus Joshua Norris in RENO LIONS zone.
12:53 of 2nd period - Shot by Chris Kreider.
12:53 of 2nd period - Stopped by Eric Comrie without a rebound.
12:54 of 2nd period - Steven Stamkos wins face-off versus Joshua Norris in RENO LIONS zone.
13:15 of 2nd period - Shot by Kirill Kaprizov.
13:15 of 2nd period - Shot Misses the Net.
13:29 of 2nd period - Shot by Elias Pettersson.
13:29 of 2nd period - Stopped by Brian Elliott with a rebound.
13:31 of 2nd period - Shot by Steven Stamkos.
13:31 of 2nd period - Stopped by Brian Elliott without a rebound.
13:32 of 2nd period - Derek Grant wins face-off versus Phillip Danault in ANCHORAGE ACES zone.
13:54 of 2nd period - Erik Haula is hit by Nikita Zadorov.
13:57 of 2nd period - Phillip Danault is hit by Nikita Zadorov and loses puck.
14:11 of 2nd period - Phillip Danault is hit by Ilya Mikheyev and loses puck.
14:40 of 2nd period - Shot by Elias Pettersson.
14:40 of 2nd period - Shot Blocked by Jani Hakanpaa.
15:22 of 2nd period - Ethan Bear is hit by Erik Haula and loses puck.
15:36 of 2nd period - Icing by Jani Hakanpaa.
15:37 of 2nd period - Phillip Danault wins face-off versus Patrick Brown in ANCHORAGE ACES zone.
15:43 of 2nd period - Phillip Danault is hit by Nikita Zadorov and loses puck.
15:59 of 2nd period - Minor Penalty to Nikita Zadorov for Goalie Interference.
16:00 of 2nd period - Connor McDavid wins face-off versus Laurent Dauphin in RENO LIONS zone.
16:03 of 2nd period - Shot by Nikolaj Ehlers.
16:03 of 2nd period - Shot Misses the Net.
16:05 of 2nd period - Shot by Jonathan Audy-Marchessault.
16:05 of 2nd period - Shot Misses the Net.
16:07 of 2nd period - Shot by Nikolaj Ehlers.
16:07 of 2nd period - Deflect By Connor McDavid.
16:07 of 2nd period - Stopped by Eric Comrie without a rebound.
16:08 of 2nd period - Laurent Dauphin wins face-off versus Connor McDavid in RENO LIONS zone.
16:08 of 2nd period - Laurent Dauphin is hit by Connor McDavid.
16:32 of 2nd period - Shot by Nathan MacKinnon.
16:32 of 2nd period - Shot Misses the Net.
16:34 of 2nd period - Shot by Nathan MacKinnon.
16:34 of 2nd period - Shot Blocked by Ethan Bear.
16:36 of 2nd period - Shot by Nikolaj Ehlers.
16:36 of 2nd period - Stopped by Eric Comrie with a rebound.
16:38 of 2nd period - Shot by Seth Jones.
16:38 of 2nd period - Stopped by Eric Comrie without a rebound.
16:39 of 2nd period - Connor McDavid wins face-off versus Ilya Mikheyev in RENO LIONS zone.
16:46 of 2nd period - Shot by Jonathan Audy-Marchessault.
16:46 of 2nd period - Stopped by Eric Comrie without a rebound.
16:47 of 2nd period - Connor McDavid wins face-off versus Laurent Dauphin in RENO LIONS zone.
18:13 of 2nd period - Shot by Zach Parise.
18:13 of 2nd period - Shot Misses the Net.
18:29 of 2nd period - Shot by Andreas Johnsson.
18:29 of 2nd period - Stopped by Brian Elliott with a rebound.
18:31 of 2nd period - Shot by Andreas Johnsson.
18:31 of 2nd period - Shot Misses the Net.
18:33 of 2nd period - Shot by Oliver Ekman-Larsson.
18:33 of 2nd period - Shot Misses the Net.
18:42 of 2nd period - Icing by Ben Chiarot.
18:43 of 2nd period - Steven Stamkos wins face-off versus Casey Cizikas in ANCHORAGE ACES zone.
18:56 of 2nd period - Shot by Kirill Kaprizov.
18:56 of 2nd period - Stopped by Brian Elliott without a rebound.
18:57 of 2nd period - Connor McDavid wins face-off versus Derek Grant in ANCHORAGE ACES zone.
19:16 of 2nd period - Shot by Derek Grant.
19:16 of 2nd period - Shot Misses the Net.
19:57 of 2nd period - Icing by Nikita Zadorov.
19:58 of 2nd period - Joshua Norris wins face-off versus Steven Stamkos in RENO LIONS zone.
Goals for this period are 1 for ANCHORAGE ACES vs 2 for RENO LIONS.
Shots for this period are 14 for ANCHORAGE ACES vs 14 for RENO LIONS.

3rd period


0:01 of 3rd period - Joshua Norris wins face-off versus Steven Stamkos in neutral zone.
0:44 of 3rd period - Shot by Kirill Kaprizov.
0:44 of 3rd period - Stopped by Brian Elliott without a rebound.
0:45 of 3rd period - Connor McDavid wins face-off versus Derek Grant in ANCHORAGE ACES zone.
0:55 of 3rd period - Connor McDavid is hit by Nikita Zadorov and loses puck.
1:00 of 3rd period - Shot by Nikolaj Ehlers.
1:00 of 3rd period - Stopped by Eric Comrie with a rebound.
1:02 of 3rd period - Shot by Nikolaj Ehlers.
1:02 of 3rd period - Stopped by Eric Comrie without a rebound.
1:03 of 3rd period - Erik Haula wins face-off versus Patrick Brown in RENO LIONS zone.
1:06 of 3rd period - Shot by Conor Sheary.
1:06 of 3rd period - Stopped by Eric Comrie with a rebound.
1:10 of 3rd period - Shot by Conor Sheary.
1:10 of 3rd period - Stopped by Eric Comrie without a rebound.
1:11 of 3rd period - Steven Stamkos wins face-off versus Connor McDavid in RENO LIONS zone.
1:26 of 3rd period - Shot by Nikolaj Ehlers.
1:26 of 3rd period - Deflect By Connor McDavid.
1:26 of 3rd period - Stopped by Eric Comrie without a rebound.
1:27 of 3rd period - Derek Grant wins face-off versus Joshua Norris in RENO LIONS zone.
1:31 of 3rd period - Ilya Mikheyev is hit by Jonathan Audy-Marchessault and loses puck.
1:44 of 3rd period - Shot by Joshua Norris.
1:44 of 3rd period - Shot Misses the Net.
1:46 of 3rd period - Shot by Joshua Norris.
1:46 of 3rd period - Shot Misses the Net.
1:52 of 3rd period - Shot by Chris Kreider.
1:52 of 3rd period - Stopped by Eric Comrie without a rebound.
1:53 of 3rd period - Kirill Kaprizov wins face-off versus Connor McDavid in RENO LIONS zone.
2:04 of 3rd period - Connor McDavid is hit by Elias Pettersson and loses puck.
3:16 of 3rd period - Shot by Cam Atkinson.
3:16 of 3rd period - Shot Misses the Net.
3:18 of 3rd period - Shot by Justin Schultz.
3:18 of 3rd period - Stopped by Brian Elliott without a rebound.
3:19 of 3rd period - Patrick Brown wins face-off versus Phillip Danault in ANCHORAGE ACES zone.
3:37 of 3rd period - Shot by Phillip Danault.
3:37 of 3rd period - Stopped by Eric Comrie with a rebound.
3:39 of 3rd period - Shot by Phillip Danault.
3:39 of 3rd period - Stopped by Eric Comrie without a rebound.
3:40 of 3rd period - Joshua Norris wins face-off versus Laurent Dauphin in RENO LIONS zone.
3:47 of 3rd period - Shot by Jonathan Audy-Marchessault.
3:47 of 3rd period - Shot Blocked by Oliver Ekman-Larsson.
3:50 of 3rd period - Icing by Oliver Ekman-Larsson.
3:51 of 3rd period - Laurent Dauphin wins face-off versus Phillip Danault in RENO LIONS zone.
5:17 of 3rd period - Shot by Chris Kreider.
5:17 of 3rd period - Stopped by Eric Comrie with a rebound.
5:19 of 3rd period - Shot by Jonathan Audy-Marchessault.
5:19 of 3rd period - Shot Blocked by Justin Schultz.
5:21 of 3rd period - Shot by Jonathan Audy-Marchessault.
5:21 of 3rd period - Stopped by Eric Comrie without a rebound.
5:22 of 3rd period - Derek Grant wins face-off versus Connor McDavid in RENO LIONS zone.
5:22 of 3rd period - Derek Grant is hit by Connor McDavid.
5:25 of 3rd period - Icing by Ilya Mikheyev.
5:26 of 3rd period - Derek Grant wins face-off versus Connor McDavid in RENO LIONS zone.
5:31 of 3rd period - Shot by Nikolaj Ehlers.
5:31 of 3rd period - Stopped by Eric Comrie with a rebound.
5:39 of 3rd period - Shot by Derek Grant.
5:39 of 3rd period - Deflect By Ilya Mikheyev.
5:39 of 3rd period - Shot Misses the Net.
5:41 of 3rd period - Shot by Robert Hagg.
5:41 of 3rd period - Shot Misses the Net.
5:43 of 3rd period - Shot by Cam Atkinson.
5:43 of 3rd period - Stopped by Brian Elliott with a rebound.
6:03 of 3rd period - Shot by Ilya Mikheyev.
6:03 of 3rd period - Shot Misses the Net.
6:46 of 3rd period - Shot by Joshua Norris.
6:46 of 3rd period - Stopped by Eric Comrie without a rebound.
6:47 of 3rd period - Steven Stamkos wins face-off versus Phillip Danault in RENO LIONS zone.
6:47 of 3rd period - Steven Stamkos is hit by Erik Haula.
6:57 of 3rd period - Shot by Kirill Kaprizov.
6:57 of 3rd period - Shot Misses the Net.
7:11 of 3rd period - Shot by Phillip Danault.
7:11 of 3rd period - Deflect By Erik Haula.
7:11 of 3rd period - Stopped by Eric Comrie with a rebound.
7:13 of 3rd period - Shot by Conor Sheary.
7:13 of 3rd period - Shot Hit the Post.
7:19 of 3rd period - Shot by Phillip Danault.
7:19 of 3rd period - Shot Misses the Net.
7:21 of 3rd period - Shot by Phillip Danault.
7:21 of 3rd period - Stopped by Eric Comrie without a rebound.
7:21 of 3rd period - Eric Comrie from RENO LIONS is injured at 7:21 of 3rd period (Sprained Left Finger).
7:21 of 3rd period - Elvis Merzlikins enters game.
7:22 of 3rd period - Joshua Norris wins face-off versus Cam Atkinson in RENO LIONS zone.
7:26 of 3rd period - Joshua Norris is hit by Jacob Trouba.
7:44 of 3rd period - Shot by Joshua Norris.
7:44 of 3rd period - Stopped by Elvis Merzlikins without a rebound.
7:45 of 3rd period - Connor McDavid wins face-off versus Patrick Brown in RENO LIONS zone.
8:00 of 3rd period - Shot by Nikolaj Ehlers.
8:00 of 3rd period - Shot Misses the Net.
8:02 of 3rd period - Shot by Nathan MacKinnon.
8:02 of 3rd period - Deflect By Connor McDavid.
8:02 of 3rd period - Shot Misses the Net.
8:04 of 3rd period - Shot by Nathan MacKinnon.
8:04 of 3rd period - Stopped by Elvis Merzlikins without a rebound.
8:05 of 3rd period - Steven Stamkos wins face-off versus Joshua Norris in RENO LIONS zone.
8:22 of 3rd period - Shot by Jonathan Audy-Marchessault.
8:22 of 3rd period - Deflect By Joshua Norris.
8:22 of 3rd period - Stopped by Elvis Merzlikins without a rebound.
8:23 of 3rd period - Nathan MacKinnon wins face-off versus Derek Grant in RENO LIONS zone.
8:37 of 3rd period - Minor Penalty to Ilya Mikheyev for Cross-checking.
8:38 of 3rd period - Chris Kreider wins face-off versus Laurent Dauphin in RENO LIONS zone.
9:07 of 3rd period - Shot by Joshua Norris.
9:07 of 3rd period - Shot Misses the Net.
9:09 of 3rd period - Shot by Phillip Danault.
9:09 of 3rd period - Shot Blocked by Robert Hagg.
9:11 of 3rd period - Shot by Alex Goligoski.
9:11 of 3rd period - Stopped by Elvis Merzlikins with a rebound.
10:39 of 3rd period - Shot by Nikolaj Ehlers.
10:39 of 3rd period - Shot Blocked by Oliver Ekman-Larsson.
10:47 of 3rd period - Shot by Cam Atkinson.
10:47 of 3rd period - Stopped by Brian Elliott without a rebound.
10:48 of 3rd period - Patrick Brown wins face-off versus Casey Cizikas in ANCHORAGE ACES zone.
10:51 of 3rd period - Shot by Patrick Brown.
10:51 of 3rd period - Stopped by Brian Elliott without a rebound.
10:52 of 3rd period - Casey Cizikas wins face-off versus Derek Grant in ANCHORAGE ACES zone.
10:52 of 3rd period - Casey Cizikas is hit by Cam Atkinson.
12:01 of 3rd period - Icing by Alex Goligoski.
12:02 of 3rd period - Steven Stamkos wins face-off versus Connor McDavid in ANCHORAGE ACES zone.
12:27 of 3rd period - Shot by Nathan MacKinnon.
12:27 of 3rd period - Shot Misses the Net.
12:47 of 3rd period - Shot by Nathan MacKinnon.
12:47 of 3rd period - Stopped by Elvis Merzlikins without a rebound.
12:48 of 3rd period - Patrick Brown wins face-off versus Chris Kreider in RENO LIONS zone.
14:05 of 3rd period - Shot by Conor Sheary.
14:05 of 3rd period - Shot Misses the Net.
14:07 of 3rd period - Shot by Jani Hakanpaa.
14:07 of 3rd period - Shot Blocked by Cam Atkinson.
14:09 of 3rd period - Shot by Erik Haula.
14:09 of 3rd period - Shot Misses the Net.
14:11 of 3rd period - Shot by Jani Hakanpaa.
14:11 of 3rd period - Shot Misses the Net.
14:20 of 3rd period - Minor Penalty to Nikita Zadorov for Hooking.
14:21 of 3rd period - Laurent Dauphin wins face-off versus Connor McDavid in RENO LIONS zone.
14:29 of 3rd period - Off-side.
14:30 of 3rd period - Laurent Dauphin wins face-off versus Connor McDavid in neutral zone.
15:53 of 3rd period - Shot by Joshua Norris.
15:53 of 3rd period - Deflect By Chris Kreider.
15:53 of 3rd period - Shot Misses the Net.
15:55 of 3rd period - Shot by Phillip Danault.
15:55 of 3rd period - Shot Misses the Net.
16:03 of 3rd period - Shot by Phillip Danault.
16:03 of 3rd period - Stopped by Elvis Merzlikins without a rebound.
16:04 of 3rd period - Connor McDavid wins face-off versus Vitali Kravtsov in RENO LIONS zone.
17:33 of 3rd period - Steven Stamkos is hit by Jani Hakanpaa and loses puck.
17:46 of 3rd period - Shot by Kirill Kaprizov.
17:46 of 3rd period - Shot Misses the Net.
17:48 of 3rd period - Shot by Kirill Kaprizov.
17:48 of 3rd period - Shot Misses the Net.
17:50 of 3rd period - Shot by Kirill Kaprizov.
17:50 of 3rd period - Stopped by Brian Elliott without a rebound.
17:51 of 3rd period - Derek Grant wins face-off versus Connor McDavid in ANCHORAGE ACES zone.
18:57 of 3rd period - Ryan Pulock is hit by Derek Grant and loses puck.
19:06 of 3rd period - RENO LIONS, Elvis Merzlikins is pulled from the net.
19:12 of 3rd period - Shot by Kirill Kaprizov.
19:12 of 3rd period - Deflect By Elias Pettersson.
19:12 of 3rd period - Shot Blocked by Jonathan Audy-Marchessault.
19:14 of 3rd period - Shot by Elias Pettersson.
19:14 of 3rd period - Shot Blocked by Ryan Pulock.
19:16 of 3rd period - Shot by Steven Stamkos.
19:16 of 3rd period - Shot Misses the Net.
19:18 of 3rd period - Shot by Jacob Trouba.
19:18 of 3rd period - Deflect By Kirill Kaprizov.
19:18 of 3rd period - Shot Blocked by Ryan Pulock.
19:20 of 3rd period - Shot by Steven Stamkos.
19:20 of 3rd period - Stopped by Brian Elliott without a rebound.
19:21 of 3rd period - Connor McDavid wins face-off versus Steven Stamkos in ANCHORAGE ACES zone.
Goals for this period are 0 for ANCHORAGE ACES vs 0 for RENO LIONS.
Shots for this period are 20 for ANCHORAGE ACES vs 7 for RENO LIONS.


YEGOR
SHARANGOVICH
ALEX
IAFALLO
JAKOB
CHYCHRUN

EAST COAST

HOCKEY LEAGUE

  • 65.QUE3CHW1
  • 66.CHA1TRV6
  • 67.PITRHI
  • 68.ATLWOR